 Dungeon Crawl Stone Soup version 0.19.4-12-gccf7e64 (webtiles) character file.

756 Lostpass the Sneak (level 7, -1/41 HPs)
             Began as a Deep Elf Assassin on Feb 28, 2017.
             Slain by a killer bee (4 damage)
             ... on level 7 of the Dungeon.
             The game lasted 00:54:58 (6370 turns).

Lostpass the Sneak (Deep Elf Assassin)              Turns: 6370, Time: 00:54:59

Health: -1/41      AC:  6    Str: 10    XL:     7   Next: 50%
Magic:  12/12      EV: 14    Int: 16    God:
Gold:   178        SH:  0    Dex: 16    Spells: 1 memorised, 10 levels left

rFire  . . .     SeeInvis .     b - +0 blowgun
rCold  . . .     Gourm    .     n - +0 leather armour
rNeg   . . .     Faith    .     (no shield)
rPois  +         Spirit   .     (no helmet)
rElec  .         Reflect  .     d - +1 cloak
rCorr  .         Harm     .     x - +0 pair of gloves
MR     .....                    (no boots)
Stlth  +++.......               (no amulet)
                                q - ring of poison resistance
                                h - ring of flight

@: lethally poisoned (-1 -> -4)
A: no striking features
a: Evoke Flight


You were on level 7 of the Dungeon.
You were not hungry.

You visited 1 branch of the dungeon, and saw 6 of its levels.

You collected 178 gold pieces.

Inventory:

Hand Weapons
 a - a +2 dagger
 b - a +0 blowgun (weapon)
Missiles
 e - 12 poisoned needles (quivered)
 f - a curare-tipped needle
 y - 24 stones
Armour
 c - a +0 robe
 d - a +1 cloak (worn)
 n - a +0 leather armour (worn)
 x - a +0 pair of gloves (worn)
Jewellery
 h - a ring of flight (left hand)
 q - a ring of poison resistance (right hand)
 v - an uncursed amulet of faith
Wands
 r - a wand of random effects (25/48)
Scrolls
 l - 2 scrolls of random uselessness
 m - a scroll of amnesia
 u - 3 scrolls of remove curse
Potions
 j - a potion of cancellation
 s - a potion of magic
Books
 p - a book of Air

   Spells                             Type                      Level
   a - Shock                          Conjuration/Air              1
   b - Swiftness                      Charms/Air                   2
   c - Repel Missiles                 Charms/Air                   2
   d - Static Discharge               Conjuration/Air              3
   e - Lightning Bolt                 Conjuration/Air              5
Comestibles
 g - 6 bread rations
 i - 2 beef jerkies
 k - 7 fruits
 o - a meat ration
 t - 2 slices of pizza


   Skills:
 * Level 3.2 Fighting
 + Level 3.8 Short Blades
 + Level 3.0 Throwing
 + Level 2.1 Armour
 * Level 4.2 Dodging
 + Level 5.8 Stealth
 - Level 2.5 Spellcasting
 * Level 0.7 Conjurations
 * Level 1.1 Air Magic
 * Level 2.1 Evocations


You had 10 spell levels left.
You knew the following spells:

 Your Spells              Type           Power        Failure   Level  Hunger
a - Shock                 Conj/Air       #...         17%         1    #......


Dungeon Overview and Level Annotations

Branches:
Dungeon (5/15)
 Temple: D:4-7

Altars:
Cheibriados
Fedhas
Nemelex Xobeh
Qazlal

Shops:
D:4 (


Message History

The bolt of lightning hits the killer bee.
The killer bee is moderately wounded.
The bolt of lightning hits the killer bee.
The killer bee is severely wounded.
The bolt of lightning misses you.
Evoking this partially-identified wand wasted a few charges.
You feel sick.
You hear a croak.
The killer bee misses you. The killer bee barely misses you. x2
The killer bee misses you.
You feel sick. The killer bee closely misses you.
The killer bee stings you but does no damage.
You feel sick. The killer bee barely misses you.
You open the door.
A worker ant comes into view.
The killer bee stings you.
* * * LOW HITPOINT WARNING * * *
The killer bee barely misses you. The killer bee misses you.
The killer bee barely misses you. The killer bee stings you.
You die...

#.........# ...#
#.........###..y#
#..........('y.(+
####+#####'##(..#
#......#...#
+......+...+
#....y.#...#
#...yyy#...#
#####@###### #a#
#.# #.# #.# #.#
#.# #.#


You could see a worker ant and 4 killer bees.

Vanquished Creatures
  A centaur (D:7)
  A bullfrog (D:7)
  A scorpion (D:7)
  A killer bee (D:7)
  A howler monkey (D:5)
  A crimson imp (D:5)
  2 hounds (D:5)
  An orc priest (D:4)
  A centaur skeleton (D:4)
  Natasha (thrice) (D:3)
  Ijyb (D:2)
  An orc wizard (D:4)
  A howler monkey zombie (D:7)
  7 adders
  2 worms
  11 dart slugs
  A leopard gecko (D:5)
  10 orcs
  A giant cockroach (D:3)
  11 goblins
  7 hobgoblins
  13 jackals
  4 quokkas
  9 bats
  4 frilled lizards
  4 kobolds
  9 rats
109 creatures vanquished.

Vanquished Creatures (others)
  A hound skeleton (D:3)
1 creature vanquished.

Grand Total: 110 creatures vanquished

Notes
Turn   | Place    | Note
-------+----------+-------------------------------------------
     0 | D:1      | Lostpass the Deep Elf Assassin began the quest for the Orb.
     0 | D:1      | Reached XP level 1. HP: 12/12 MP: 3/3
   720 | D:1      | Reached skill level 5 in Stealth
   782 | D:1      | Reached XP level 2. HP: 10/16 MP: 4/4
  1051 | D:2      | Found a snail-covered altar of Cheibriados.
  1094 | D:2      | Found a faded altar of an unknown god.
  1397 | D:2      | Reached skill level 1 in Evocations
  1736 | D:2      | Reached XP level 3. HP: 20/21 MP: 5/5
  2418 | D:2      | Noticed Ijyb
  2443 | D:2      | Killed Ijyb
  2443 | D:2      | Reached skill level 1 in Armour
  2443 | D:2      | Reached XP level 4. HP: 14/26 MP: 7/7
  2899 | D:3      | Reached skill level 1 in Spellcasting
  3477 | D:3      | Noticed Natasha
  3502 | D:3      | Killed Natasha
  3502 | D:3      | Reached XP level 5. HP: 17/30 MP: 9/9
  3698 | D:3      | Found a stormy altar of Qazlal.
  3946 | D:3      | Noticed Natasha
  3980 | D:3      | Killed Natasha
  4122 | D:3      | Found a sparkling altar of Nemelex Xobeh.
  4247 | D:3      | Noticed Natasha
  4257 | D:3      | Killed Natasha
  4525 | D:4      | Reached XP level 6. HP: 36/36 MP: 11/11
  4852 | D:4      | Found a blossoming altar of Fedhas.
  5333 | D:4      | Found Cimo's Antique Weapon Shop.
  5402 | D:5      | Entered Level 5 of the Dungeon
  5697 | D:5      | Found a stormy altar of Qazlal.
  6003 | D:5      | Learned a level 1 spell: Shock
  6068 | D:5      | You fall through a shaft for 2 floors!
  6070 | D:7      | Reached XP level 7. HP: 40/40 MP: 12/12
  6363 | D:7      | Reached skill level 1 in Air Magic
  6370 | D:7      | Slain by a killer bee

Skill      XL: |  1  2  3  4  5  6  7 |
---------------+----------------------+-----
Stealth        | 5 |  5.8
Evocations     | 1 2 |  2.1
Dodging        | 2 3 4 |  4.2
Fighting       | 2 3 |  3.2
Armour         | 1 2 |  2.1
Spellcasting   | 1 2 |  2.5
Short Blades   | 3 |  3.8
Throwing       | 3 |  3.0
Air Magic      | 1 |  1.1
Conjurations   | |  0.7

Action                   |  1- 3 |  4- 6 |  7- 9 || total
-------------------------+-------+-------+-------++-------
Melee: Dagger            |   105 |   353 |    22 ||   480
 Fire: Blowgun           |     6 |    16 |    14 ||    36
Throw: Stone             |     5 |       |       ||     5
       Tomahawk          |    14 |    29 |       ||    43
 Cast: Shock             |       |       |     3 ||     3
 Abil: Evoke Flight      |     2 |       |       ||     2
Evoke: Wand              |       |       |     2 ||     2
  Use: Scroll            |     2 |     5 |     1 ||     8
       Potion            |     2 |     4 |     1 ||     7
 Stab: Sleeping          |     8 |    11 |       ||    19
  Eat: Chunk             |     5 |    11 |       ||    16
       Meat ration       |       |       |     1 ||     1
Armor: Robe              |     3 |       |       ||     3
       Leather armour    |    18 |    84 |    15 ||   117
Dodge: Dodged            |    48 |   195 |    54 ||   297
